 Dungeon Crawl Stone Soup version 0.30-a0-122-g2a1322497e (webtiles) character file.

Game seed: 10004561517730565210

378 Decritt the Ducker (level 6, -2/32 HPs)
             Began as a Spriggan Hunter on Sept 17, 2022.
             Killed from afar by Sigmund (8 damage)
             ... with a puff of flame
             ... on level 3 of the Dungeon.
             The game lasted 00:04:09 (2902 turns).

Decritt the Ducker (Spriggan Hunter)                Turns: 2902, Time: 00:04:09

Health: -2/32      AC:  2    Str:  7    XL:     6   Next: 45%
Magic:  7/7        EV: 21    Int: 10    God:
Gold:   192        SH:  0    Dex: 21    Spells: 5/5 levels left

rFire   . . .      SeeInvis +    h - +1 sling (freeze)
rCold   . . .      Faith    .    (no shield)
rNeg    . . .      Spirit   .    c - +0 robe
rPois   .          Reflect  .    (helmet restricted)
rElec   .          Harm     .    (no cloak)
rCorr   .          Rampage  .    (gloves unavailable)
Will    +....                    (boots unavailable)
Stlth   +++.......               (no amulet)
HPRegen 0.10/turn                (no ring)
MPRegen 0.10/turn                (no ring)

@: very quick
A: very small, no large weapons, unfitting armour, see invisible, speed 3
a: no special abilities


You were on level 3 of the Dungeon.
You visited 1 branch of the dungeon, and saw 3 of its levels.

You collected 192 gold pieces.

Inventory:

Hand Weapons
 a - a +0 shortbow
 h - a +1 sling of freezing (weapon)
Armour
 c - a +0 robe (worn)
Scrolls
 b - 2 scrolls of immolation
 d - 7 scrolls of identify {unknown}
 e - 2 scrolls of teleportation {unknown}
 f - a scroll of magic mapping {unknown}
 g - a scroll of butterflies {unknown}
 j - a scroll of amnesia {unknown}
 l - a scroll of vulnerability {unknown}
 n - a scroll of enchant weapon {unknown}
 o - a scroll of blinking {unknown}
Potions
 i - 2 potions of mutation {unknown}
 k - a potion of attraction {unknown}
 m - a potion of haste {unknown}
 p - a potion of curing {unknown}
 q - a potion of magic {unknown}


   Skills:
 * Level 3.3 Fighting
 * Level 5.3 Ranged Weapons
 * Level 5.3 Dodging
 + Level 4.1 Stealth


You had 5 spell levels left.
You didn't know any spells.
Your spell library contained the following spells:

 Spells                   Type           Power      Damage    Failure   Level
 Cigotuvi's Dreadful Rot  Necr/Pois/Air  0%         N/A       50%         2
 Poisonous Vapours        Pois/Air       0%         N/A       50%         2
 Dazzling Flash           Conj/Hex       0%         N/A       75%         3
 Agony                    Necr           0%         N/A       100%        5
 Silence                  Hex/Air        0%         N/A       100%        5


Dungeon Overview and Level Annotations

Branches:
Dungeon (3/15)

Altars:
Gozag
Uskayaw

Annotations:
D:3 3 runed translucent doors, Sigmund; niknal's ghost, amateur PaFi


Innate Abilities, Weirdness & Mutations

You are very small and have problems with some larger weapons.
You are too small for most types of armour.
You have supernaturally acute eyesight. (SInv)
You cover ground extremely quickly. (Speed+++)


Message History

The goblin shouts!
The goblin is heavily wounded.
You shoot a sling bullet. The sling bullet hits the goblin!
The sling bullet freezes the goblin.
You kill the goblin!
Sigmund the Dreaded comes into view.
He is wielding a +0 scythe.
You shoot a sling bullet.
The sling bullet closely misses Sigmund.
Sigmund shouts!
You shoot a sling bullet. The sling bullet barely misses Sigmund.
You shoot a sling bullet. The sling bullet barely misses Sigmund.
Sigmund hits you from afar with a +0 scythe.
You shoot a sling bullet. The sling bullet hits Sigmund.
The sling bullet freezes Sigmund.
Sigmund is moderately wounded.
You shoot a sling bullet. The sling bullet hits Sigmund!
The sling bullet freezes Sigmund.
Sigmund is severely wounded.
You shoot a sling bullet. The sling bullet barely misses Sigmund.
Sigmund casts a spell at you. The puff of flame hits you!
You shoot a sling bullet. The sling bullet barely misses Sigmund.
You shoot a sling bullet. The sling bullet hits Sigmund.
The sling bullet freezes Sigmund.
Sigmund is severely wounded.
Sigmund casts a spell at you. The magic dart hits you.
* * * LOW HITPOINT WARNING * * *
You shoot a sling bullet. The sling bullet hits Sigmund.
The sling bullet freezes Sigmund.
Sigmund is almost dead.
You shoot a sling bullet.
The sling bullet closely misses Sigmund.
Sigmund says, "You will soon forget everything."
Sigmund gestures at you while chanting. The puff of flame hits you!
* * * LOW HITPOINT WARNING * * *
Sigmund casts a spell at you. The puff of flame hits you!
You die...

+.......'.....รท..........#
###.....#######.........## .....
####### #.........# . .....
#.........###. .....
#............. ..... #####
#............. ..... ####...###
###.######....
....@###.....@..######.# #....
..?..#...######.@...##+######....
.).....### ###.............[..
##....## ##.......####.... #....#
#.......# #.... #...## ##.######
#.... #.>. #.# #.... #... #.#
#.... #... #.# #.... #... #.#
#....


You could see Sigmund.

Vanquished Creatures
  Grinder (D:3)
  A hound (D:3)
  Natasha (D:3)
  4 adders
  3 gnolls (D:3)
  3 worms (D:2)
  A dart slug (D:2)
  An orc (D:3)
  6 ball pythons
  8 endoplasms
  4 goblins
  4 hobgoblins
  2 kobolds
  2 quokkas
  6 bats
  A frilled lizard (D:3)
  4 rats
52 creatures vanquished.

Notes
Turn   | Place    | Note
-------+----------+-------------------------------------------
     0 | D:1      | Decritt the Spriggan Hunter began the quest for the Orb.
     0 | D:1      | Reached XP level 1. HP: 10/10 MP: 2/2
   716 | D:1      | Reached XP level 2. HP: 15/15 MP: 3/3
  1256 | D:2      | Reached XP level 3. HP: 18/18 MP: 4/4
  1438 | D:2      | Identified the +7 spear of Caimeec {vorpal, rF+ rC++ Str-2
                  | Dex-5}
  1453 | D:2      | Found a faded altar of an unknown god.
  1645 | D:2      | Reached XP level 4. HP: 23/23 MP: 5/5
  1666 | D:2      | Found a hide-covered altar of Uskayaw.
  1753 | D:3      | Noticed Grinder
  1763 | D:3      | Killed Grinder
  1764 | D:3      | Reached skill level 5 in Ranged Weapons
  1764 | D:3      | Reached skill level 5 in Dodging
  1764 | D:3      | Reached XP level 5. HP: 15/28 MP: 6/6
  1764 | D:3      | Reached XP level 6. HP: 17/32 MP: 7/7
  2256 | D:3      | Noticed Natasha
  2262 | D:3      | Killed Natasha
  2551 | D:3      | Found a runed translucent gate.
  2551 | D:3      | Found a runed translucent gate.
  2551 | D:3      | Found an opulent altar of Gozag.
  2552 | D:3      | Found a runed translucent gate.
  2555 | D:3      | Noticed niknal's ghost (amateur PaFi)
  2881 | D:3      | Noticed Sigmund
  2902 | D:3      | Killed from afar by Sigmund

Illustrated notes

Levels and vault maps discovered:
D:1:      amcnicky_arrival_feature_with_door, layout_basic
D:2:      layout_loops_ring, shapermc_ecumenical_altar_notcrosses, basic_altar
D:3:      layout_basic, nemelex_spade_bored_becter, ebering_ghost_gozag,
          minmay_randomly_rotated_circles, uniq_sigmund, uniq_natasha,
          uniq_grinder

Skill      XL: |  1  2  3  4  5  6 |
---------------+-------------------+-----
Dodging        | 3 5 |  5.3
Stealth        | 2 3 4 |  4.1
Fighting       | 2 3 |  3.3
Ranged Weapons | 5 |  5.3

Action                   |  1- 3 |  4- 6 || total
-------------------------+-------+-------++-------
 Fire: Shortbow          |    14 |       ||    14
       Sling             |    74 |    69 ||   143
Armor: Robe              |     2 |       ||     2
Dodge: Dodged            |    18 |    18 ||    36

Table legend: (Time is in decaauts)
 A = Elapsed time spent in this place.
 B = Non-inter-level travel time spent in this place.
 C = Inter-level travel time spent in this place.
 D = Time resting spent in this place.
 E = Time spent auto-exploring this place.
 F = Levels seen in this place.
 G = Mean time per level.
                   A        B        C        D        E       F      G
               +--------+--------+--------+--------+--------+-----+--------+
         Total |   2197 |   2166 |     31 |    496 |   1403 |   3 |  732.3 |
       Dungeon |   2197 |   2166 |     31 |    496 |   1403 |   3 |  732.3 |
               +--------+--------+--------+--------+--------+-----+--------+

Top non-repeatable levels by time:
     D:3: 1029 daAuts
     D:1: 733 daAuts
     D:2: 434 daAuts
